 Dungeon Crawl Stone Soup version 0.26.1-11-gd32895ea62 (webtiles) character file.

Game seed: 18116059675959688838

1914 jlumianski the Magician (level 8, -7/66 HPs)
             Began as a Purple Draconian Fire Elementalist on June 1, 2021.
             Was a Believer of Okawaru.
             Mangled by a boulder beetle (17 damage)
             ... on level 8 of the Dungeon.
             The game lasted 00:49:11 (8141 turns).

jlumianski the Magician (DrFE)                      Turns: 8141, Time: 00:49:11

Health: -7/66      AC: 12    Str: 17    XL:     8   Next: 95%
Magic:  14/16      EV: 17    Int: 17    God:    Okawaru [**....]
Gold:   289        SH:  0    Dex: 12    Spells: 17/18 levels left

rFire    . . .     SeeInvis .   F - +2 great sword (vorpal)
rCold    . . .     Faith    .   (shield currently unavailable)
rNeg     . . .     Spirit   .   (armour unavailable)
rPois    .         Reflect  .   (helmet restricted)
rElec    .         Harm     .   m - +2 cloak
rCorr    .         Rampage  .   (no gloves)
Will     +....                  n - +2 pair of boots
Stlth    +++++.....             (no amulet)
HPRegen  0.21/turn              x - +6 ring of strength
MPRegen  0.15/turn              r - ring of stealth

@: heroism
A: breathe power, unfitting armour, cold-blooded, AC +6
a: Breathe Dispelling Energy, Renounce Religion, Heroism


You were on level 8 of the Dungeon.
You worshipped Okawaru.
Okawaru was pleased with you.
You visited 1 branch of the dungeon, and saw 8 of its levels.

You collected 289 gold pieces.

Inventory:

Hand Weapons
 f - a +2 whip of flaming
 o - a +0 dagger
 s - a +0 scimitar
 t - a +2 spear of venom
 u - a cursed -1 long sword
 C - a +3 battleaxe
 F - a +2 vorpal great sword (weapon)
Missiles
 b - 148 stones
 I - 11 poisoned darts (quivered)
Armour
 m - a +2 cloak (worn)
 n - a +2 pair of boots (worn)
Jewellery
 k - an uncursed ring of protection from fire
 r - a ring of stealth (right hand)
 w - an uncursed ring of ice
 x - a +6 ring of strength (left hand)
 B - an uncursed ring of teleportation
Wands
 E - a wand of paralysis (19)
Scrolls
 c - a scroll of magic mapping {unknown}
 h - 3 scrolls of enchant weapon
 i - 2 scrolls of teleportation {unknown}
 j - a scroll of fear {unknown}
 p - a scroll of blinking {unknown}
 q - 6 scrolls of remove curse
 y - a scroll of enchant armour {unknown}
 G - a scroll of amnesia {unknown}
 J - a scroll of identify
Potions
 a - 2 potions of attraction {unknown}
 d - a potion of ambrosia {unknown}
 e - 2 potions of flight
 g - 2 potions of haste
 l - 4 potions of curing
 v - a potion of degeneration
 z - a potion of magic {unknown}
 A - a potion of berserk rage {unknown}
 D - 2 potions of heal wounds
 H - a potion of lignification {unknown}


   Skills:
 + Level 3.6(8.6) Fighting
 + Level 0.7(7.0) Short Blades
 + Level 2.9(8.0) Long Blades
 + Level 4.1(9.1) Polearms
 + Level 4.9(9.9) Dodging
 + Level 2.6(7.6) Stealth
 + Level 5.7 Spellcasting
 + Level 4.0 Conjurations
 + Level 5.3 Fire Magic
 + Level 0.1 Invocations


You had 17 spell levels left.
You knew the following spells:

 Your Spells              Type           Power        Failure   Level
a - Foxfire               Conj/Fire      80%          1%          1

Your spell library contained the following spells:

 Spells                   Type           Power        Failure   Level
 Conjure Flame            Conj/Fire      20%          6%          3
 Beastly Appendage        Tmut           8%           13%         1
 Inner Flame              Hex/Fire       13%          13%         3
 Sticky Flame             Conj/Fire      20%          19%         4
 Wereblood                Tmut           4%           21%         2
 Spider Form              Tmut/Pois      2%           36%         3
 Fireball                 Conj/Fire      10%          47%         5
 Ice Form                 Ice/Tmut       4%           78%         4
 Blade Hands              Tmut           2%           98%         5


Dungeon Overview and Level Annotations

Branches:
Dungeon (8/15)             Temple (0/1) D:7
   Lair: D:8-11

Altars:
Ashenzari
Dithmenos
Fedhas
Hepliaklqana
Makhleb
Okawaru
Trog
Wu Jian
The Shining One

Annotations:
D:3 2 transporters, Zeld's ghost, amateur MiBe


Innate Abilities, Weirdness & Mutations

You can breathe bolts of dispelling energy.
Your rich purple scales are hard. (AC +6)
You cannot fit into any form of body armour.
You are cold-blooded and may be slowed by cold attacks.


Message History

You see here a potion of curing.
Casting: Foxfire (safe; 1% risk of failure)
Confirm with . or Enter, or press ? or * to list all spells.
You conjure some foxfire!
The foxfire hits the boulder beetle but does no damage.
Your foxfire dissipates!
You hit the boulder beetle but do no damage.
You tail-slap the boulder beetle, but do no damage.
The boulder beetle hits you!!
Ouch! That really hurt!
The boulder beetle stops rolling and uncurls.
You hit the boulder beetle.
You tail-slap the boulder beetle, but do no damage.
The boulder beetle is lightly wounded.
The boulder beetle bites you!!
* * * LOW HITPOINT WARNING * * *
The boulder beetle misses you.
You gain the combat prowess of a mighty hero.
The boulder beetle bites you!
You die...

#.....#.#
##.....#.#.#
#........#.#
#.....####.# ..
#..........##..
#...###........
#... #........
#### #........
#@.......
#B.......
#........
#..............
#............##
#............#
#............#
#..............
############...


You could see a boulder beetle.

Vanquished Creatures
  Pikel (D:4)
  2 ice beasts
  A phantom (D:5)
  A sky beast (D:6)
  2 ogres (D:7)
  2 centaurs
  A lemure (D:4)
  A bullfrog (D:6)
  A water moccasin skeleton (D:8)
  A wight (D:7)
  3 hounds
  2 jellies
  2 orc priests (D:6)
  4 orc wizards (D:6)
  7 worker ants
  A killer bee zombie (D:7)
  7 adders
  3 shadow imps
  A white imp (D:6)
  An ufetubus (D:6)
  2 adder skeletons
  A worm (D:2)
  3 dart slugs
  4 leopard geckos
  8 orcs
  A ball python (D:3)
  2 bats
  7 giant cockroaches
  3 goblins
  5 hobgoblins
  6 jackals
  2 kobolds
  A quokka (D:2)
  2 frilled lizards
  A jackal skeleton (D:7)
  6 rats
98 creatures vanquished.

Vanquished Creatures (others)
  235 foxfires
235 creatures vanquished.

Grand Total: 333 creatures vanquished

Notes
Turn   | Place    | Note
-------+----------+-------------------------------------------
     0 | D:1      | jlumianski the Draconian Fire Elementalist began the quest
                  | for the Orb.
     0 | D:1      | Reached XP level 1. HP: 14/14 MP: 3/3
   716 | D:1      | Reached XP level 2. HP: 20/20 MP: 1/5
  1207 | D:2      | Found a blossoming altar of Fedhas.
  1352 | D:2      | HP: 1/20 [dart slug/slug dart (3)]
  1743 | D:2      | Found a hazy altar of Hepliaklqana.
  1940 | D:2      | Found a shadowy altar of Dithmenos.
  2376 | D:2      | Found a bloodstained altar of Trog.
  2566 | D:2      | Reached XP level 3. HP: 23/26 MP: 3/6
  2860 | D:3      | Found a transporter.
  2861 | D:3      | Noticed Zeld's ghost (amateur MiBe)
  2872 | D:3      | Found a transporter.
  3503 | D:3      | Reached XP level 4. HP: 31/33 MP: 6/8
  4246 | D:4      | Noticed a lemure
  4253 | D:4      | Reached XP level 5. HP: 39/39 MP: 7/9
  4272 | D:4      | Killed a lemure
  4437 | D:4      | Noticed Pikel
  4437 | D:4      | Noticed a lemure
  4437 | D:4      | Noticed a lemure
  4441 | D:4      | Noticed a lemure
  4467 | D:4      | Killed Pikel
  4468 | D:4      | Reached skill level 1 in Polearms
  4468 | D:4      | Reached XP level 6. HP: 16/48 MP: 7/12
  4468 | D:4      | Your scales start taking on a rich purple colour.
  4468 | D:4      | Reached XP level 7. HP: 18/55 MP: 8/14
  5011 | D:5      | Entered Level 5 of the Dungeon
  5036 | D:5      | Found an ornate altar of the Wu Jian Council.
  5122 | D:5      | Reached skill level 5 in Spellcasting
  5163 | D:5      | Found an iron altar of Okawaru.
  5169 | D:5      | Became a worshipper of Warmaster Okawaru
  5284 | D:5      | Found a glowing golden altar of the Shining One.
  5507 | D:5      | Found a broken altar of Ashenzari.
  6523 | D:6      | Reached * piety under Okawaru
  6524 | D:6      | Reached skill level 5 in Fire Magic
  6524 | D:6      | Reached XP level 8. HP: 57/62 MP: 14/16
  6890 | D:6      | Reached skill level 1 in Long Blades
  7197 | D:7      | Found a burning altar of Makhleb.
  7228 | D:7      | Found a staircase to the Ecumenical Temple.
  7860 | D:7      | Reached ** piety under Okawaru
  8133 | D:8      | Noticed a boulder beetle
  8141 | D:8      | Mangled by a boulder beetle

Illustrated notes

Levels and vault maps discovered:
D:1:      heliophobic_arrival_henge, layout_loops_ring, serial_glass,
          glass_columns_a, glass_columns_a, minmay_misc_feat_room,
          nrook_campfire
D:2:      layout_loops_ring, nicolae_overflow_crystal_walls, marbit_many_paths,
          lightli_temple_of_fire, nicolae_overflow_hidden_temple
D:3:      layout_basic, gammafunk_ghost_mausoleum
D:4:      layout_loops_ring, uniq_pikel
D:5:      layout_cave_pools, lemuel_coloured_pillars_altar,
          okawaru_metal_pillars_1_2, kennysheep_mini_moat,
          nicolae_tso_swordbearing_angel
D:6:      wad_river_or_something, layout_basic, serial_glass, glass_columns_a,
          glass_columns_a, st_stairs_6
D:7:      layout_loops_ring, minmay_temple_entry_ruins, basic_altar,
          minmay_crossroads
D:8:      layout_basic, old_standard_altar,
          nicolae_gozag_cash_rules_everything_around_me, vehumet_crystals,
          uniq_psyche

Skill      XL: |  1  2  3  4  5  6  7  8 |
---------------+-------------------------+-----
Dodging        | 2 3 4 |  4.9
Spellcasting   | 3 4 5 |  5.7
Fire Magic     | 4 5 |  5.3
Fighting       | 2 3 |  3.6
Polearms       | 1 3 4 |  4.1
Stealth        | 2 |  2.6
Conjurations   | 2 3 4 |  4.0
Long Blades    | 2 |  2.9
Short Blades   | |  0.7
Invocations    | |  0.1

Action                   |  1- 3 |  4- 6 |  7- 9 || total
-------------------------+-------+-------+-------++-------
Melee: Unarmed           |    24 |       |       ||    24
       Tailslap          |     3 |       |    14 ||    17
       Dagger            |     5 |     3 |       ||     8
       Spear             |       |    32 |    91 ||   123
       Great sword       |       |       |    44 ||    44
 Cast: Foxfire           |    96 |    24 |    61 ||   181
Invok: Heroism           |       |       |     2 ||     2
 Abil: Breathe Dispellin |       |       |    10 ||    10
  Use: Scroll            |     1 |     2 |     4 ||     7
       Potion            |     1 |     2 |     2 ||     5
 Stab: Sleeping          |     1 |       |     3 ||     4
Armor: Skin              |    47 |    33 |    58 ||   138
Dodge: Dodged            |   106 |    28 |    98 ||   232
       Rpst.: Great sword |       |       |    13 ||    13
